 Dungeon Crawl Stone Soup version 0.20.0-8-g6b59dc7 (webtiles) character file.

74 ArtsTyrian the Insei (level 4, -1/32 HPs)
             Began as a Demonspawn Transmuter on June 1, 2017.
             Slain by a gnoll
             ... wielding a cursed -2 whip
              (9 damage)
             ... on level 3 of the Dungeon.
             The game lasted 00:13:33 (2056 turns).

ArtsTyrian the Insei (Demonspawn Transmuter)        Turns: 2056, Time: 00:13:33

Health: -1/32      AC:  4    Str: 11    XL:     4   Next: 9%
Magic:  5/8        EV: 12    Int: 15    God:
Gold:   72         SH:  0    Dex: 13    Spells: 7/8 levels left

rFire    . . .     SeeInvis .     - Unarmed
rCold    . . .     Gourm    .   (no shield)
rNeg     . . .     Faith    .   b - +0 robe
rPois    .         Spirit   .   (no helmet)
rElec    .         Reflect  .   (no cloak)
rCorr    .         Harm     .   (no gloves)
MR       .....                  (no boots)
Stlth    +.........             (no amulet)
Regen    0.1/turn               (no ring)
MPRegen  0.2/turn               (no ring)

@: appendage
A: horns 2, talons 1, yellow scales 1
a: End Transformation


You were on level 3 of the Dungeon.
You were not hungry.
You had grown temporary horns.
You visited 1 branch of the dungeon, and saw 3 of its levels.

You collected 72 gold pieces.

Inventory:

Missiles
 a - 12 arrows
 i - 40 stones (quivered)
Armour
 b - a +0 robe (worn)
Wands
 r - a wand of random effects (34/48)
Scrolls
 h - 2 scrolls of amnesia {unknown}
 k - a scroll of random uselessness {unknown}
 n - 2 scrolls of teleportation {unknown}
 o - a scroll of fear {unknown}
 p - 4 scrolls of identify {unknown}
Potions
 e - 3 potions of degeneration {unknown}
 j - a potion of magic {unknown}
 l - a potion of heal wounds {unknown}
 m - a potion of flight {unknown}
 q - a potion of might {unknown}
Books
 c - a book of Changes

   Spells                             Type                      Level
   a - Beastly Appendage              Transmutation                1
   b - Sticks to Snakes               Transmutation                2
   c - Spider Form                    Transmutation/Poison         3
   d - Ice Form                       Ice/Transmutation            4
   e - Blade Hands                    Transmutation                5
Comestibles
 d - 2 bread rations
 f - 2 royal jellies
 g - 6 chunks of flesh


   Skills:
 * Level 1.6 Fighting
 + Level 2.0 Dodging
 * Level 3.4 Unarmed Combat
 + Level 2.7 Spellcasting
 + Level 2.1 Transmutations


You had 7 spell levels left.
You knew the following spells:

 Your Spells              Type           Power        Failure   Level  Hunger
a - Beastly Appendage     Tmut           #.....       9%          1    #......


Dungeon Overview and Level Annotations

Branches:
Dungeon (3/15)

Altars:
Xom


Innate Abilities, Weirdness & Mutations

You have sharp toenails.
You are partially covered in yellow scales. (AC +2)
You have a pair of horns on your head.


Message History

You closely miss the gnoll.
Your horns disappear.
The gnoll closely misses you.
Casting: Beastly Appendage
Confirm with . or Enter, or press ? or * to list all spells.
You grow a pair of large bovine horns.
The gnoll hits you but does no damage.
Unknown command.
You closely miss the gnoll. You claw the gnoll. You headbutt the gnoll!
The gnoll is severely wounded.
The gnoll closely misses you.
You hit the gnoll.
You kill the gnoll!
You have reached level 4!
You feel clever.
You hit the gnoll.
The gnoll is heavily wounded.
You hit the gnoll.
The gnoll is almost dead.
The gnoll hits you with a whip!
You die...

#.# #..
... #.##
#.. #.#
#.# #.#
#@# #g#
#S#
#g..$#
#...g....
#.##g####
#.# .g.
#.# ##.
#.# .


You could see 2 gnolls and an adder.

Vanquished Creatures
  2 gnolls (D:3)
  An ooze (D:1)
  A dart slug (D:1)
  4 giant cockroaches
  8 hobgoblins
  7 bats
  3 frilled lizards
  6 goblins
  8 kobolds
  5 rats (D:1)
45 creatures vanquished.

Notes
Turn   | Place    | Note
-------+----------+-------------------------------------------
     0 | D:1      | ArtsTyrian the Demonspawn Transmuter began the quest for the Orb.
     0 | D:1      | Reached XP level 1. HP: 15/15 MP: 3/3
   397 | D:1      | Reached skill level 3 in Unarmed Combat
   418 | D:1      | Gained mutation: You are partially covered in yellow scales. (AC +2) [demonic ancestry]
   418 | D:1      | Reached XP level 2. HP: 21/21 MP: 3/5
   855 | D:1      | Mutation became permanent: You have razor-sharp toenails. [demonic ancestry]
   855 | D:1      | Gained mutation: You have claws for feet. [demonic ancestry]
   855 | D:1      | Reached XP level 3. HP: 22/26 MP: 3/6
  1497 | D:2      | Found a shimmering altar of Xom.
  2054 | D:3      | Reached XP level 4. HP: 7/32 MP: 5/8
  2056 | D:3      | Slain by a gnoll

Skill      XL: |  1  2  3 |
---------------+----------+-----
Unarmed Combat | 3 |  3.4
Transmutations | 2 |  2.1
Dodging        | 2 |  2.0
Fighting       | |  1.6
Spellcasting   | |  2.7

Action                   |  1- 3 |  4- 6 || total
-------------------------+-------+-------++-------
Melee: Unarmed           |   139 |     2 ||   141
       Kick              |    25 |       ||    25
       Headbutt          |    18 |       ||    18
 Cast: Beastly Appendage |    37 |       ||    37
 Stab: Sleeping          |     1 |       ||     1
  Eat: Fruit             |     4 |       ||     4
       Chunk             |     1 |       ||     1
Armor: Robe              |    39 |       ||    39
Dodge: Dodged            |    86 |       ||    86
